 Dungeon Crawl Stone Soup version 0.31.0-9-g3a7656b989 (webtiles) character file.

Game seed: 17067013868748314379

88 qw the Shooter (level 4, 0/25 HPs)
             Began as a Deep Elf Hunter on Feb 2, 2024.
             Slain by a cerulean imp
             ... wielding a +0 spear
             ... summoned by Natasha
              (1 damage)
             ... on level 2 of the Dungeon.
             The game lasted 00:00:03 (1347 turns).

qw the Shooter (Deep Elf Hunter)                    Turns: 1347, Time: 00:00:04

Health: 0/25       AC:  3    Str: 10    XL:     4   Next: 30%
Magic:  6/6        EV: 12    Int: 14    God:
Gold:   99         SH:  0    Dex: 18    Spells: 3/3 levels left

rFire   . . .        a - +0 shortbow
rCold   . . .        (shield currently unavailable)
rNeg    . . .        c - +0 leather armour
rPois   .            (no helmet)
rElec   .            (no cloak)
rCorr   .            (no gloves)
SInv    .            (no boots)
Will    .....        (no amulet)
Stlth   ++           (no ring)
HPRegen 0.24/turn    (no ring)
MPRegen 0.10/turn

%: no passive effects
@: no status effects
A: no striking features
a: no special abilities


You were on level 2 of the Dungeon.
You visited 1 branch of the dungeon, and saw 2 of its levels.

You collected 99 gold pieces.


   Skills:
 - Level 1.5 Fighting
 + Level 7.7 Ranged Weapons
 - Level 2.4 Dodging
 - Level 1.2 Stealth


You had 3 spell levels left.
You didn't know any spells.
Your spell library was empty.

Inventory:

Hand Weapons
 a - a +0 shortbow (weapon)
Armour
 c - a +0 leather armour (worn)
Jewellery
 b - a +6 ring of strength
Potions
 d - a potion of resistance {unknown}
 e - a potion of haste

Dungeon Overview and Level Annotations

Branches:
Dungeon (2/15)

Altars:

Annotations:
D:2 Natasha


Message History

HP restored.
Found a stone staircase leading up.
d - an emerald potion Natasha, Servant of Life and Death comes into view.
Natasha hisses angrily.
Natasha moves out of view.
A kobold comes into view. It is wielding a +0 sling.
Found 15 gold pieces.
Found a stone staircase leading down.
You shoot an arrow. The arrow closely misses Natasha.
The arrow closely misses the kobold.
The kobold shouts!
You shoot an arrow. The arrow closely misses Natasha.
The arrow hits the kobold!
You kill the kobold!
You shoot an arrow. The arrow hits Natasha.
Natasha is lightly wounded.
Natasha stares at you and mumbles some strange words.
The magic dart hits you!
You shoot an arrow. The arrow hits Natasha.
Natasha is moderately wounded.
You shoot an arrow. The arrow closely misses Natasha.
Natasha claws you.
You shoot an arrow. The arrow hits Natasha!
Natasha is almost dead.
Natasha mumbles some strange words.
You shoot an arrow. The arrow misses Natasha.
Natasha claws you but does no damage.
The cerulean imp hits you with a +3 spear.
Natasha completely misses you.
You shoot an arrow. The arrow closely misses Natasha.
The cerulean imp hits you with a +3 spear.
Natasha closely misses you.
You shoot an arrow. The arrow misses Natasha.
The cerulean imp hits you with a +3 spear.
Natasha mumbles some strange words.
You shoot an arrow. The arrow barely misses Natasha.
The cerulean imp hits you with a +3 spear.
Natasha closely misses you.
You shoot an arrow. The arrow closely misses Natasha.
The cerulean imp hits you from afar with a +0 spear.
You die...

##. #.. ..).
..... .....# ...
.>....### #.#
$....5h.# #.# #@#
#.# ##5###.#
##...##.# #
####.....#.###.#
..............<#
.##..........##.#
...........:#
.##..........#
##.......###


You could see Natasha and 2 cerulean imps.

Vanquished Creatures
  Natasha (twice) (D:2)
  2 dart slugs (D:1)
  6 ball pythons (D:1)
  3 bats (D:1)
  3 endoplasms (D:1)
  3 giant cockroaches (D:1)
  2 goblins (D:1)
  4 hobgoblins
  A quokka (D:1)
  2 frilled lizards (D:1)
  2 kobolds
  3 rats (D:1)
33 creatures vanquished.

Notes
Turn   | Place    | Note
-------+----------+-------------------------------------------
     0 | D:1      | qw the Deep Elf Hunter began the quest for the Orb.
     0 | D:1      | Reached XP level 1. HP: 12/12 MP: 3/3
     0 | D:1      | 0 ||| qw: Version: 0.3-a-155-g5e7d8dd
     0 | D:1      | 0 ||| qw: Game counter: 1799
     0 | D:1      | 0 ||| qw: Melee chars always use a shield: true
     0 | D:1      | 0 ||| qw: God list: Okawaru
     0 | D:1      | 0 ||| qw: Allow faded altars: false
     0 | D:1      | 0 ||| qw: Do Orc after clearing Dungeon:15 true
     0 | D:1      | 0 ||| qw: Do second Lair branch before Depths: true
     0 | D:1      | 0 ||| qw: Lair rune preference: random
     0 | D:1      | 0 ||| qw: Goals: Normal
     0 | D:1      | 0 ||| PLANNING D:1-11
   140 | D:1      | Reached skill level 6 in Ranged Weapons
   140 | D:1      | Reached XP level 2. HP: 16/16 MP: 4/4
   465 | D:1      | Reached XP level 3. HP: 20/20 MP: 5/5
   900 | D:1      | 900 ||| READING scroll labelled LEASUK RAK.
   903 | D:1      | 903 ||| READING scroll labelled BAUTUU RETUZIXT.
   941 | D:1      | 941 ||| READING scroll labelled EMUNWUPABA.
  1042 | D:1      | 1042 ||| READING 2 scrolls labelled VAEJYE UMIMUH.
  1043 | D:1      | 1043 ||| DRINKING 2 fizzy black potions.
  1044 | D:1      | 1044 ||| DRINKING 2 pink potions.
  1113 | D:1      | 1113 ||| DROPPING scroll of butterflies.
  1114 | D:1      | 1114 ||| DROPPING potion of lignification.
  1115 | D:1      | 1115 ||| DROPPING scroll of fear.
  1185 | D:2      | Noticed Natasha
  1193 | D:2      | Killed Natasha
  1194 | D:2      | Reached skill level 7 in Ranged Weapons
  1238 | D:2      | Noticed Natasha
  1247 | D:2      | HP: 5/20 [Natasha/magic dart (5)]
  1248 | D:2      | Killed Natasha
  1249 | D:2      | Reached XP level 4. HP: 7/25 MP: 6/6
  1335 | D:2      | Noticed Natasha
  1345 | D:2      | HP: 4/25 [cerulean imp/+3 spear[Natasha] (4)]
  1346 | D:2      | HP: 1/25 [cerulean imp/+3 spear[Natasha] (3)]
  1347 | D:2      | Slain by a cerulean imp

Levels and vault maps discovered:
D:1:      elethiomel_arrival_maze, layout_loops_corners
D:2:      layout_loops_ring, uniq_natasha

Skill      XL: |  1  2  3 |
---------------+----------+-----
Ranged Weapons | 6 7 |  7.7
Fighting       | |  1.5
Dodging        | |  2.4
Stealth        | |  1.2

Action                     |  1- 3 |  4- 6 || total
---------------------------+-------+-------++-------
   Fire: Shortbow          |    82 |    11 ||    93
    Use: Scroll            |     4 |       ||     4
         Potion            |     2 |       ||     2
 Armour: Leather armour    |    12 |     8 ||    20
  Dodge: Dodged            |    19 |     3 ||    22

Table legend:
 A = Non-vault XP
 B = Vault XP
 C = Vault XP percentage of total XP
 D = Non-vault monster count
 E = Vault monster count
 F = Vault count percentage of total count
                 A         B        C        D         E       F
            +---------+---------+-------+---------+---------+-------
      Total |      92 |      35 |  27.6 |      32 |       1 |   3.0
            +---------+---------+-------+---------+---------+-------
        D:1 |      54 |       0 |   0.0 |      29 |       0 |   0.0
        D:2 |      38 |      35 |  47.9 |       3 |       1 |  25.0
            +---------+---------+-------+---------+---------+-------
